 Dungeon Crawl Stone Soup version 0.26.1-11-gd32895ea62 (webtiles) character file.

Game seed: 1502248410909368239

1869 jlumianski the Caller (level 8, 0/31 HPs)
             Began as a Felid Summoner on June 2, 2021.
             Was a Believer of Dithmenos.
             Slain by a killer bee (5 damage)
             ... on level 8 of the Dungeon.
             The game lasted 01:25:58 (14735 turns).

jlumianski the Caller (Felid Summoner)             Turns: 14735, Time: 01:26:00

Health: 0/31       AC:  2    Str:  4    XL:     8   Next: 90%
Magic:  8/19       EV: 22    Int: 19    God:    Dithmenos [**....]
Gold:   257        SH:  0    Dex: 16    Spells: 11/20 levels left
                                        Lives:  0   Deaths: 2

rFire    + . .     SeeInvis +     - Unarmed
rCold    . . .     Faith    .   (shield unavailable)
rNeg     . . .     Spirit   .   (armour unavailable)
rPois    .         Reflect  .   (helmet unavailable)
rElec    .         Harm     .   (cloak unavailable)
rCorr    +         Rampage  .   (gloves unavailable)
Will     +....                  (boots unavailable)
Stlth    +++++.....             (no amulet)
HPRegen  0.10/turn              c - ring of resist corrosion
MPRegen  0.16/turn              E - ring of protection from fire

@: lethally poisoned (0 -> -3), about to teleport, wreathed by umbra, quick
A: very small, no armour, no weapons or thrown items, stealth, claws 1, fangs 3,
see invisible, speed 1, shaggy fur 2, sharp paws
a: Renounce Religion, Shadow Step


You were on level 8 of the Dungeon.
You worshipped Dithmenos.
Dithmenos was pleased with you.
You visited 2 branches of the dungeon, and saw 10 of its levels.

You collected 705 gold pieces.
You spent 448 gold pieces at shops.

Inventory:

Jewellery
 c - a ring of resist corrosion (left paw)
 m - a cursed -4 ring of evasion
 u - a cursed ring of teleportation
 C - an uncursed ring of poison resistance
 E - a ring of protection from fire (right paw)
 J - an uncursed amulet of guardian spirit
Wands
 A - a wand of acid (21)
 B - a wand of paralysis (11)
 F - a wand of flame (10)
 H - a wand of iceblast (14)
Scrolls
 b - 3 scrolls of amnesia
 d - 5 scrolls of remove curse
 e - a scroll of torment {unknown}
 h - a scroll of teleportation
 j - a scroll of enchant weapon {unknown}
 k - 4 scrolls of immolation
 l - 4 scrolls of fog
 n - a scroll of fear {unknown}
 o - 5 scrolls of identify
 p - 2 scrolls of blinking
 y - a scroll of random uselessness {unknown}
Potions
 a - a potion of degeneration {unknown}
 f - 4 potions of might
 g - a potion of heal wounds
 i - a potion of berserk rage {unknown}
 q - a potion of attraction
 r - 3 potions of brilliance
 s - a potion of cancellation {unknown}
 t - a potion of resistance {unknown}
 v - a potion of haste {unknown}
 w - a potion of mutation {unknown}
 x - a potion of flight
 z - a potion of ambrosia {unknown}
 G - a potion of lignification {unknown}
 I - a potion of magic {unknown}


   Skills:
 * Level 6.7 Dodging
 * Level 7.9 Stealth
 + Level 1.1 Unarmed Combat
 + Level 6.9 Spellcasting
 + Level 1.0 Hexes
 + Level 7.9 Summonings
 * Level 2.9 Evocations


You had 11 spell levels left.
You knew the following spells:

 Your Spells              Type           Power        Failure   Level
a - Summon Small Mammal   Summ           100%         1%          1
b - Call Imp              Summ           36%          1%          2
c - Call Canine Familiar  Summ           36%          1%          3
d - Summon Guardian Gole  Hex/Summ       23%          4%          3

Your spell library contained the following spells:

 Spells                   Type           Power        Failure   Level
 Animate Skeleton         Necr           12%          11%         1
 Freeze                   Ice            24%          11%         1
 Pain                     Necr           24%          11%         1
 Blink                    Tloc           N/A          16%         2
 Poisonous Vapours        Pois/Air       12%          16%         2
 Summon Ice Beast         Ice/Summ       21%          21%         4
 Summon Lightning Spire   Summ/Air       21%          21%         4
 Conjure Flame            Conj/Fire      6%           30%         3
 Frozen Ramparts          Ice            12%          30%         3
 Gell's Gravitas          Tloc           3%           30%         3
 Lesser Beckoning         Tloc           3%           30%         3
 Mephitic Cloud           Conj/Pois/Air  6%           30%         3
 Ozocubu's Armour         Ice            6%           30%         3
 Teleport Other           Tloc           6%           30%         3
 Vampiric Draining        Necr           3%           30%         3
 Animate Dead             Necr           3%           71%         4
 Hailstorm                Conj/Ice       6%           71%         4
 Passage of Golubria      Tloc           N/A          71%         4
 Agony                    Necr           6%           96%         5
 Freezing Cloud           Conj/Ice/Air   3%           100%        6


Dungeon Overview and Level Annotations

Branches:
Dungeon (9/15)             Temple (1/1) D:5
   Lair: D:8-11         Orc: D:9-12

Altars:
Ashenzari
Cheibriados
Dithmenos
Elyvilon
Fedhas
Gozag
Hepliaklqana
Kikubaaqudgha
Makhleb
Nemelex Xobeh
Okawaru
Qazlal
Ru
Sif Muna
Trog
Uskayaw
Wu Jian
Xom
Yredelemnul
Zin
The Shining One

Shops:
D:7 *}


Innate Abilities, Weirdness & Mutations

You cannot wear armour.
You are incapable of wielding weapons or throwing items.
Your paws allow you to move quietly. (Stealth)
You have sharp claws.
You have razor-sharp teeth.
You have supernaturally acute eyesight. (SInv)
You cover ground quickly.
You are covered in thick fur. (AC +2)
Your sharp claws are effective at attacking unaware monsters.


Message History

The killer bee closely misses you. x2; The killer bee barely misses you. x2
The killer bee misses you. x2
You climb upwards.
Your hound disappears in a puff of smoke!
There is a stone staircase leading down here.
The killer bee closely misses you. The killer bee barely misses you.
You scratch the killer bee.
The killer bee is lightly wounded.
The killer bee closely misses you. The killer bee completely misses you.
The killer bee closely misses you. The killer bee stings you.
You are poisoned.
The killer bee poisons you! The killer bee misses you.
The killer bee completely misses you. x2; The killer bee barely misses you.
As you read the scroll of teleportation, it crumbles to dust.
You feel strangely unstable.
You feel sick. The killer bee misses you. The killer bee closely misses you.
The killer bee stings you!
* * * LOW HITPOINT WARNING * * *
The killer bee completely misses you. The killer bee barely misses you.
The killer bee completely misses you. The killer bee stings you.
You die...

.# #.# #.# .# #.#
#.# .#####.# #.#
.......# ### #.#
..########.# #.#
...........# #.#
#####.####.#####.#
...............yy#
#####.####.....y@#
#####.##########y##
.(................#
################..#
#..# ###### #..###
.....# #....#
.....# ##)..#
.....# #...#


You could see 4 killer bees.

Vanquished Creatures
  An orc wizard (D:5)
  A worker ant (D:8)
  A gnoll (D:5)
  An ufetubus (D:7)
  A worm (D:2)
  A leopard gecko (D:5)
  A bat (D:1)
  A giant cockroach (D:3)
  2 jackals (D:1)
  2 kobolds (D:3)
  A ball python (D:3)
  2 frilled lizards (D:2)
  2 rats
17 creatures vanquished.

Vanquished Creatures (collateral kills)
  Erica (D:8)
  A cyclops (D:7)
  A hornet (D:7)
  Menkaure (D:7)
  2 orc warriors
  A sky beast (D:8)
  2 phantoms
  A black bear (D:8)
  2 ogres
  2 gnoll sergeants (D:5)
  5 bullfrogs
  4 scorpions
  6 killer bees
  7 hounds
  2 orc priests
  10 orc wizards
  2 gnoll shamans (D:5)
  A bullfrog skeleton (D:6)
  A centaur skeleton (D:8)
  An iguana (D:4)
  6 worker ants
  11 adders
  21 gnolls
  A shadow imp (D:5)
  3 white imps
  An ufetubus (D:7)
  2 worms
  A dart slug (D:2)
  4 leopard geckos
  23 orcs
  A ball python (D:4)
  5 giant cockroaches
  12 goblins
  3 hobgoblins (D:1)
  14 jackals
  7 kobolds
  2 quokkas
  5 bats
  6 frilled lizards
  4 rats
185 creatures vanquished.

Vanquished Creatures (others)
  A two-headed ogre (D:7)
  A killer bee (D:8)
  10 plants (D:6)
12 creatures vanquished.

Grand Total: 214 creatures vanquished

Notes
Turn   | Place    | Note
-------+----------+-------------------------------------------
     0 | D:1      | jlumianski the Felid Summoner began the quest for the Orb.
     0 | D:1      | Reached XP level 1. HP: 7/7 MP: 4/4
   167 | D:1      | Reached XP level 2. HP: 11/11 MP: 0/6
   170 | D:1      | Learned a level 2 spell: Call Imp
  1050 | D:2      | Found a bloodstained altar of Trog.
  1051 | D:2      | Found an ancient bone altar of Kikubaaqudgha.
  1210 | D:2      | Reached XP level 3. HP: 14/14 MP: 0/7
  2878 | D:3      | Learned a level 3 spell: Call Canine Familiar
  3258 | D:3      | Reached XP level 4. HP: 18/18 MP: 1/9
  3333 | D:3      | Noticed a phantom
  3381 | D:3      | Killed a phantom
  3382 | D:3      | Reached skill level 5 in Summonings
  3468 | D:3      | Found a faded altar of an unknown god.
  3938 | D:3      | Found a stormy altar of Qazlal.
  4276 | D:4      | Reached XP level 5. HP: 21/21 MP: 2/10
  4780 | D:4      | Noticed an ogre
  4808 | D:4      | Killed an ogre
  4847 | D:4      | Gained mutation: You are covered in thick fur. (AC +2)
                  | [Felid growth]
  4847 | D:4      | Reached XP level 6. HP: 2/24 MP: 2/12
  5971 | D:5      | Entered Level 5 of the Dungeon
  7297 | D:5      | Found a sparkling altar of Nemelex Xobeh.
  7297 | D:5      | Found a glowing silver altar of Zin.
  7314 | D:5      | Reached XP level 7. HP: 27/27 MP: 6/14
  7314 | D:5      | Found a glowing golden altar of the Shining One.
  7539 | D:5      | Found a staircase to the Ecumenical Temple.
  7548 | Temple   | Entered the Ecumenical Temple
  7607 | Temple   | Became a worshipper of Dithmenos the Shadowed
  7718 | D:5      | Found an ornate altar of the Wu Jian Council.
  8791 | D:6      | Reached skill level 5 in Stealth
  9855 | D:5      | Reached skill level 5 in Dodging
  9895 | D:5      | Reached skill level 5 in Spellcasting
 10003 | D:5      | Learned a level 3 spell: Summon Guardian Golem
 10102 | D:5      | Found an iron altar of Okawaru.
 10388 | D:6      | Reached * piety under Dithmenos
 10435 | D:6      | Killed from afar by an electric eel
 10436 | D:6      | Reached XP level 6. HP: -1/24 MP: 5/14
 10694 | D:6      | Slain by an orc warrior
 10695 | D:6      | Reached XP level 5. HP: 0/21 MP: 13/13
 10746 | D:6      | Killed an orc warrior
 10747 | D:6      | Reached XP level 6. HP: 24/24 MP: 2/15
 11108 | D:7      | Noticed a cyclops
 11155 | D:7      | Killed a cyclops
 11156 | D:7      | Reached XP level 7. HP: 20/27 MP: 0/16
 11316 | D:7      | Found Emettaur's Lightly-Used Armoury.
 11362 | D:7      | Found Siuty's Gadget Shop.
 11520 | D:7      | Bought a wand of acid (12) for 448 gold pieces
 11525 | D:7      | Noticed a hornet
 11734 | D:7      | Noticed Menkaure
 11816 | D:7      | Killed Menkaure
 12147 | D:7      | Found a hide-covered altar of Uskayaw.
 12269 | D:7      | Killed a hornet
 12270 | D:7      | Reached skill level 1 in Evocations
 13129 | D:8      | Reached XP level 8. HP: 31/31 MP: 5/18
 13238 | D:8      | Reached ** piety under Dithmenos
 13431 | D:8      | Found a broken altar of Ashenzari.
 13545 | D:8      | Reached skill level 1 in Unarmed Combat
 13592 | D:8      | Found a shimmering blue altar of Sif Muna.
 13848 | D:8      | Noticed a two-headed ogre
 13998 | D:7      | Killed a two-headed ogre
 14129 | D:8      | Noticed Erica
 14226 | D:8      | HP: 1/31 [Erica/bolt of poison (21)]
 14241 | D:8      | Killed Erica
 14242 | D:8      | Reached skill level 1 in Hexes
 14735 | D:8      | Slain by a killer bee

Illustrated notes

Levels and vault maps discovered:
D:1:      lightli_arrival_chessboard, layout_rooms
D:2:      layout_basic, gammafunk_temple_overflow_pools
D:3:      layout_loops_cross, nicolae_overflow_crystal_walls,
          chequers_ecumenical_altar_simple
D:4:      layout_loops_ring
D:5:      layout_cave_pools, okawaru_altar_gauntlet_db,
          chequers_temple_overflow_statue_of_worship, nzn_wu_jian_council_hall,
          minmay_temple_entry_grid, serial_gnoll_camp,
          gnoll_camp_mini_loothouse, gnoll_camp_medium_01, gnoll_camp_medium_02,
          gnoll_camp_mini_hut
D:6:      layout_rooms, serial_corexii_hall, chequers_hall_statues_y,
          corexii_hall_statues_deadend, chequers_ossuary_entry_cave,
          corexii_leaking_fountain, serial_bayou_ford_a
D:7:      layout_gridville, eat_drink_and_be_merry_uskayaw, serial_shops,
          shop_coins, minmay_shop_damaged, uniq_menkaure
D:8:      layout_basic, ashenzari_altar_1, lemuel_doored_altar,
          hangedman_abyss_or_decor_stabs, uniq_erica
D:9:      layout_irregular_city, vehumet_statue, orc_0_dummy
Temple:   jpeg_temple_alley_garden

Skill      XL: |  1  2  3  4  5  6  7  8 |
---------------+-------------------------+-----
Stealth        | 3 4 6 5 7 |  7.9
Dodging        | 3 4 6 |  6.7
Spellcasting   | 3 4 6 |  6.9
Summonings     | 5 7 6 |  7.9
Evocations     | 1 2 |  2.9
Unarmed Combat | 1 |  1.1
Hexes          | 1 |  1.0

Action                   |  1- 3 |  4- 6 |  7- 9 || total
-------------------------+-------+-------+-------++-------
Melee: Unarmed           |    14 |    35 |    34 ||    83
       Bite              |     1 |     3 |     2 ||     6
       Punch             |       |     1 |       ||     1
 Cast: Summon Small Mamm |    62 |    25 |    28 ||   115
       Call Imp          |    46 |    91 |   107 ||   244
       Call Canine Famil |     3 |    41 |    53 ||    97
       Summon Guardian G |       |     1 |    15 ||    16
Evoke: Wand              |       |     1 |       ||     1
  Use: Scroll            |     3 |     6 |     5 ||    14
       Potion            |     1 |     3 |     5 ||     9
 Stab: Sleeping          |     7 |     6 |     3 ||    16
       Distracted        |     1 |     1 |       ||     2
Armor: Skin              |     4 |     2 |     4 ||    10
Dodge: Dodged            |    26 |    78 |   157 ||   261
